 Dungeon Sprint DCSS version 0.16.2-12-gd0ad4c3 (webtiles) character file.

6 musteatbrain the Sneak (level 5, -5/42 HPs)
             Began as an Octopode Berserker on Oct 15, 2015.
             Was an Elder of Trog.
             Slain by a queen ant (15 damage)
             ... in the Dungeon (Sprint VI: "Thunderdome").
             The game lasted 00:02:26 (213 turns).

musteatbrain the Sneak (Octopode Berserker)          Turns: 213, Time: 00:02:26

Health: -5/42      AC:  1    Str: 26    XL:     5   Next: 70%
Magic:  5/5        EV: 16    Int: 14    God:    Trog [****..]
Gold:   30         SH:  0    Dex: 16    Spells: 0 memorised, 4 levels left

rFire  + . .     SeeInvis +     a - +0 short sword
rCold  . . .     Clarity  .     (no shield)
rNeg   + . .     SustAb   .     (helmet restricted)
rPois  +         Gourm    .     m - amulet "Puggajo" {Faith Str+3 SInv}
rElec  +         Spirit   .     n - ring "Thruhuh" {rElec rC- rN+ Int+3 Dex+3}
rCorr  .         Warding  .     o - ring of Menade {rPois rF+ Str+2 Int+2 Stlth+}
rMut   .         NoTele   +     p - ring of Muibbiq {rPois rC+ Str+5}
MR     .....                    (no ring)
Stlth  ++++++....               (no ring)
                                (no ring)
                                (no ring)
                                (no ring)

@: exhausted, slowed, very slow, not resistant to hostile enchantments, very
stealthy
A: almost no armour, amphibious, 8 rings, constrict 8, camouflage 1, gelatinous
body 1
a: Burn Spellbooks, Berserk, Trog's Hand, Brothers in Arms, Renounce Religion


You were in the Dungeon.
You worshipped Trog.
Trog was greatly pleased with you.
You were not hungry.

You visited 1 branch You collected 210 gold pieces.
You spent 180 gold pieces at shops.

Inventory:

Hand weapons
 a - a +0 short sword (weapon)
Jewellery
 m - the amulet "Puggajo" (around mantle) {Faith Str+3 SInv}
   (You bought it in a shop in the Dungeon)

   [amulet of faith]

   It allows you to gain divine favour quickly.
   It affects your strength (+3).
   It enhances your eyesight.
 n - the ring "Thruhuh" (left tentacle) {rElec rC- rN+ Int+3 Dex+3}
   (You bought it in a shop in the Dungeon)

   [ring of intelligence]

   It affects your intelligence (+3).
   It affects your dexterity (+3).
   It makes you vulnerable to cold.
   It insulates you from electricity.
   It protects you from negative energy.
 o - the ring of Menade (right tentacle) {rPois rF+ Str+2 Int+2 Stlth+}
   (You bought it in a shop in the Dungeon)

   [ring of protection from fire]

   It affects your strength (+2).
   It affects your intelligence (+2).
   It protects you from fire.
   It protects you from poison.
   It makes you more stealthy.
 p - the ring of Muibbiq (on tentacle) {rPois rC+ Str+5}
   (You bought it in a shop in the Dungeon)

   [ring of strength]

   It affects your strength (+5).
   It protects you from cold.
   It protects you from poison.
Magical devices
 j - a wand of cold (5)
 k - a wand of fire (5)
Scrolls
 i - 5 scrolls of blinking
 l - 3 scrolls of fog
Potions
 b - a potion of resistance
 e - 3 potions of heal wounds
 f - 4 potions of haste
 g - 2 potions of magic
 h - a potion of berserk rage
Comestibles
 c - a bread ration
 q - a chunk of flesh


   Skills:
 + Level 6.4 Fighting
 + Level 6.4 Short Blades
 + Level 6.3 Dodging
 + Level 7.7 Stealth


You had 4 spell levels left.
You didn't know any spells.

Dungeon Overview and Level Annotations

Branches:
Dungeon (1/1)

Altars:
Cheibriados
Dithmenos
Fedhas
Gozag
Kikubaaqudgha
Makhleb
Okawaru
Qazlal
Ru
Sif Muna
Trog
Vehumet
Xom
Yredelemnul
Zin
The Shining One
Jiyva
Lugonu

Shops:
D *[%??*?*:[((!!!!


Innate Abilities, Weirdness & Mutations

You cannot wear most types of armour.
You are amphibious.
You can wear up to eight rings at the same time.
You can use your tentacles to constrict many enemies at once.
Your skin changes colour to match your surroundings (Stealth).
Your rubbery body absorbs attacks (AC +1).


Message History

You hit the queen ant but do no damage. You squeeze the queen ant!
The queen ant is severely wounded.
* * * LOW HITPOINT WARNING * * *
You feel sick.
You hit the queen ant. You squeeze the queen ant!
The queen ant is almost dead.
You are no longer berserk.
You are exhausted.
You feel yourself slow down.
* * * LOW HITPOINT WARNING * * *
You feel very sick. The queen ant closely misses you.
You feel much better.
You feel very sick. The queen ant stings you!
* * * LOW HITPOINT WARNING * * *
Eat which item? (? for menu, Esc to quit)
Okay, then.
You feel better. The queen ant stings you!
You die...

#_......._# #_......._#
#_......._#
###.........###
#⌠...........⌠#
######.8.........8.###
##∩___......###......_.
###∩........8.# #.8......
##......†@.....###........
#⌠........a.###...###.....
#⌠..........# #.<.# #.....
#⌠..........###...###.....
##.............###........
###∩........8.# #.8......
##∩_........###......__
######.8[........8.###
#⌠...........⌠#


You could see a queen ant.

Vanquished Creatures
  A killer bee (D)
  5 worker ants (D)
  Terence (D)
  A giant gecko (D)
  An ooze (D)
  A bat (D)
10 creatures vanquished.

Notes
Turn   | Place    | Note
--------------------------------------------------------------
     0 | D        | musteatbrain, the Octopode Berserker, began the quest for the Orb.
     0 | D        | Reached XP level 1. HP: 16/16 MP: 1/1
     2 | D        | Found a corrupted altar of Lugonu.
     3 | D        | Found an opulent altar of Gozag.
     3 | D        | Found a shadowy altar of Dithmenos.
     4 | D        | Found Gait's Advanced Armour.
     4 | D        | Found Khaamm's Identification Station.
     4 | D        | Found an iron altar of Okawaru.
     4 | D        | Found a glowing silver altar of Zin.
     5 | D        | Found a deep blue altar of Sif Muna.
     5 | D        | Round 1.
     6 | D        | Found Strecawk's Jewellery.
     6 | D        | Found Treur's Bee Food.
    15 | D        | Reached skill level 1 in Stealth
    20 | D        | Bought a scintillating platinum amulet for 45 gold pieces
    20 | D        | Bought a glittering bone ring for 45 gold pieces
    20 | D        | Bought an ancient amber ring for 45 gold pieces
    20 | D        | Bought a transparent lapis lazuli ring for 45 gold pieces
    20 | D        | Identified the amulet "Puggajo" {Faith Str+3 SInv} (You bought it in a shop in the Dungeon)
    21 | D        | Identified the ring "Thruhuh" {rElec rC- rN+ Int+3 Dex+3} (You bought it in a shop in the Dungeon)
    22 | D        | Identified the ring of Menade {rPois rF+ Str+2 Int+2 Stlth+} (You bought it in a shop in the Dungeon)
    23 | D        | Identified the ring of Muibbiq {rPois rC+ Str+5} (You bought it in a shop in the Dungeon)
    28 | D        | Found a shimmering altar of Xom.
    29 | D        | Found a basalt altar of Yredelemnul.
    30 | D        | Found a radiant altar of Vehumet.
    30 | D        | Found Ecusal's Magic Scroll Shop.
    31 | D        | Found Zacvoish's Magic Scroll Shop.
    32 | D        | Found a glowing golden altar of the Shining One.
    37 | D        | Noticed a worker ant
    47 | D        | Killed a worker ant
    47 | D        | Acquired Trog's second power
    47 | D        | Reached skill level 4 in Fighting
    47 | D        | Reached XP level 2. HP: 19/22 MP: 2/2
    47 | D        | Reached XP level 3. HP: 23/27 MP: 3/3
    56 | D        | Found Eseeq's Premium Goods.
    57 | D        | Found Piuts' Miscellaneous Merchandise.
    58 | D        | Found a stormy altar of Qazlal.
    58 | D        | Found a burning altar of Makhleb.
    59 | D        | Found Phicwev's Weapon Rack.
    59 | D        | Found Kacac's Basic Armour.
    62 | D        | Found a bloodstained altar of Trog.
    64 | D        | Found a snail-covered altar of Cheibriados.
    65 | D        | Found a viscous altar of Jiyva.
    66 | D        | Found Stralumiu's Do-It-Yourself Clinic.
    68 | D        | Found Diexood's Bottled Wisdom.
    70 | D        | Found a sacrificial altar of Ru.
    72 | D        | Found Jeroaki's Distillery.
    72 | D        | Found Silil's Distillery.
    74 | D        | Found a blossoming altar of Fedhas.
    75 | D        | Found an ancient bone altar of Kikubaaqudgha.
    80 | D        | Noticed Terence
    80 | D        | Found Jiugyen's Staff Store.
    80 | D        | Found Wagaluj's Must-Have Magic.
    92 | D        | Killed Terence
   167 | D        | Arena points: 6 (+6) [x1]
   182 | D        | Round 2.
   189 | D        | Noticed a queen ant
   193 | D        | Reached skill level 5 in Stealth
   193 | D        | Reached XP level 4. HP: 34/34 MP: 4/4
   196 | D        | Reached skill level 5 in Fighting
   196 | D        | Reached skill level 5 in Short Blades
   196 | D        | Reached skill level 5 in Dodging
   198 | D        | Reached skill level 6 in Stealth
   198 | D        | Reached XP level 5. HP: 33/41 MP: 5/5
   200 | D        | Acquired Trog's third power
   200 | D        | Reached skill level 7 in Stealth
   213 | D        | Slain by a queen ant

Action                   |  1- 3 |  4- 6 || total
-------------------------+-------+-------++-------
Melee: Short sword       |    14 |    15 ||    29
Invok: Berserk           |     1 |       ||     1
  Use: Potion            |       |     2 ||     2
 Stab: Distracted        |     1 |       ||     1
